 Dungeon Crawl Stone Soup version 0.30.0-30-g96aa6591b8 (webtiles) character file.

Game seed: 17046247653217347375

121 qw the Chopper (level 5, 0/32 HPs)
             Began as a Gargoyle Fighter on June 29, 2023.
             Slain by an ogre
             ... wielding a +0 giant club
              (32 damage)
             ... on level 3 of the Dungeon.
             The game lasted 00:00:54 (2271 turns).

qw the Chopper (Gargoyle Fighter)                   Turns: 2271, Time: 00:00:55

Health: 0/32       AC: 10    Str: 22    XL:     5   Next: 5%
Magic:  5/5        EV:  9    Int:  8    God:
Gold:   174        SH:  4    Dex:  9    Spells: 4/4 levels left

rFire   . . .        Y - +0 war axe
rCold   . . .        c - +0 buckler
rNeg    + + .        b - +0 scale mail
rPois   inf          (no helmet)
rElec   +            (no cloak)
rCorr   .            (no gloves)
SInv    .            (no boots)
Will    .....        (no amulet) Stlth
                     j - ring of positive energy
HPRegen 0.25/turn    (no ring)
MPRegen 0.09/turn

%: no passive effects
@: no status effects
A: sickness immunity, AC +4, negative energy resistance 1, electricity
resistance, torment resistance 1, petrification resistance
a: no special abilities


You were on level 3 of the Dungeon.
You visited 1 branch of the dungeon, and saw 3 of its levels.

You collected 174 gold pieces.


Innate Abilities, Weirdness & Mutations

You are immune to sickness and miasma.
Your stone body is resilient. (AC +4)
You are immune to poison.
You resist negative energy. (rN+)
You are resistant to electric shocks. (rElec)
You are resistant to unholy torment.
You are immune to petrification.


   Skills:
 - Level 3.2 Fighting
 + Level 4.6 Axes
 - Level 3.2 Armour
 - Level 3.2 Shields


You had 4 spell levels left.
You didn't know any spells.
Your spell library was empty.

Inventory:

Hand Weapons
 a - a +0 whip
 Y - a +0 war axe (weapon)
Armour
 b - a +0 scale mail (worn)
 c - a +0 buckler (worn)
 f - an orb of guile
Jewellery
 j - a ring of positive energy (left hand)
Scrolls
 e - 3 scrolls of fear {unknown}
 k - a scroll of identify
Potions
 d - a potion of might
 g - a potion of berserk rage {unknown}
 h - a potion of heal wounds {unknown}
 i - a potion of lignification
 l - a potion of curing {unknown}
 m - 3 potions of degeneration {unknown}

Dungeon Overview and Level Annotations

Branches:
Dungeon (3/15)

Altars:
Uskayaw

Shops:
D:1 =


Message History

Enter note:
Enter note:
f - an orb of guile
Enter note:
Enter note: A frilled lizard comes into view.
The frilled lizard hisses angrily.
Enter note:
Enter note: You hit the frilled lizard.
You kill the frilled lizard!
You see here a frilled lizard corpse.
You open the door.
There is an open door here.
You now have 174 gold pieces (gained 13).
There is an open door here.
You see here 3 stones.
A frilled lizard comes into view.
Found a murky cyan potion.
The frilled lizard hisses angrily.
An ogre comes into view. It is wielding a +0 giant club.
Enter note:
Enter note:
2265 ||| Stepping ~*~*~tactically~*~*~ (stealth).
The ogre shouts!
You barely miss the frilled lizard.
The frilled lizard bites you but does no damage.
A hobgoblin comes into view.
The frilled lizard bites you but does no damage.
You barely miss the frilled lizard.
The frilled lizard bites you but does no damage.
You closely miss the frilled lizard. The frilled lizard barely misses you.
You slash the ogre!
The ogre is heavily wounded.
You miss the frilled lizard.
The frilled lizard bites you but does no damage.
The ogre hits you with a +0 giant club!!
Ouch! That really hurt!
You die...

###.### #.....#
#####.#.#.######
#.....:.........
##
#####.#.#.######
...######
#...>.#
...g....#
###.### #!.lO#
#.# ##@# ##.#
#..# #..# #.##
#.## #.# #.# #.#
#.# #.#####.####
#.# #..........#
#.# ##########.#
#.# #.# #.#


You could see an ogre, a hobgoblin and a frilled lizard.

Vanquished Creatures
  Jessica (D:2)
  Natasha (D:3)
  2 adders (D:2)
  3 dart slugs (D:2)
  3 worms (D:2)
  6 endoplasms
  2 giant cockroaches (D:1)
  A goblin (D:2)
  A hobgoblin (D:2)
  2 kobolds
  3 quokkas
  4 ball pythons
  6 bats
  2 frilled lizards
  3 rats
40 creatures vanquished.

Notes
Turn   | Place    | Note
-------+----------+-------------------------------------------
     0 | D:1      | qw the Gargoyle Fighter began the quest for the Orb.
     0 | D:1      | Reached XP level 1. HP: 14/14 MP: 1/1
     0 | D:1      | 0 ||| qw: Version: 0.3-a-24-g62f9e04
     0 | D:1      | 0 ||| qw: Game counter: 1535
     0 | D:1      | 0 ||| qw: Melee chars always use a shield: true
     0 | D:1      | 0 ||| qw: God list: Okawaru
     0 | D:1      | 0 ||| qw: Allow faded altars: false
     0 | D:1      | 0 ||| qw: Do Orc after clearing Dungeon:15 true
     0 | D:1      | 0 ||| qw: Do second Lair branch before Depths: true
     0 | D:1      | 0 ||| qw: Lair rune preference: random
     0 | D:1      | 0 ||| qw: Goals: Normal, Zot:1-4, Slime:5, God:TSO, Crypt,
                  | Tomb, Abyss, Pan, Hells, Win
     0 | D:1      | 0 ||| PLANNING D:1-11
    44 | D:1      | Reached skill level 2 in Axes
   205 | D:1      | Reached XP level 2. HP: 19/19 MP: 2/2
   666 | D:1      | Found Hitae's Jewellery Shop.
   670 | D:1      | 670 ||| SHOPLISTING +5 ring of evasion (468 gold, have 29).
   670 | D:1      | 670 ||| SHOPLISTING +6 ring of dexterity (468 gold, have
                  | 29).
   670 | D:1      | 670 ||| SHOPLISTING +6 ring of strength (468 gold, have
                  | 29).
   670 | D:1      | 670 ||| SHOPLISTING amulet of regeneration (390 gold, have
                  | 29).
   670 | D:1      | 670 ||| SHOPLISTING ring "Niskekie" {rC+ Will+} (488 gold,
                  | have 29).
   691 | D:1      | 691 ||| READING scroll labelled KAGROA EZEQ.
   692 | D:1      | 692 ||| READING scroll labelled PUC YNYMIEB.
   693 | D:1      | 693 ||| READING scroll labelled XOIR US FINACU.
   694 | D:1      | 694 ||| READING scroll labelled LIWOMUONAT.
   813 | D:2      | Reached skill level 3 in Axes
   816 | D:2      | Reached XP level 3. HP: 22/23 MP: 3/3
   885 | D:2      | Noticed Jessica
   888 | D:2      | 888 ||| Stepping ~*~*~tactically~*~*~ (stealth).
   895 | D:2      | Killed Jessica
   900 | D:2      | Reached XP level 4. HP: 12/28 MP: 4/4
   900 | D:2      | 900 ||| Stepping ~*~*~tactically~*~*~ (stealth).
   903 | D:2      | 903 ||| Stepping ~*~*~tactically~*~*~ (stealth).
   985 | D:2      | 985 ||| Stepping ~*~*~tactically~*~*~ (hiding).
  1151 | D:2      | Reached skill level 4 in Axes
  1221 | D:2      | Found Uddirocw's Distillery.
  1763 | D:2      | 1763 ||| UPGRADING to ring of positive energy.
  1764 | D:2      | 1764 ||| READING scroll labelled RUWKE PEMI.
  1765 | D:2      | 1765 ||| READING scroll labelled JUWAXORR SAEL.
  1770 | D:2      | 1770 ||| READING 2 scrolls labelled ATHRAC JUAXIOGU.
  1771 | D:2      | 1771 ||| DRINKING 2 fuming silvery potions.
  1821 | D:3      | 1821 ||| DROPPING +0 club.
  1903 | D:3      | Noticed Natasha
  1910 | D:3      | Killed Natasha
  1911 | D:3      | Reached XP level 5. HP: 20/32 MP: 5/5
  2004 | D:3      | Found a faded altar of an unknown god.
  2124 | D:3      | Noticed a +0 dagger
  2125 | D:3      | Noticed a +0 dagger
  2127 | D:3      | Found a hide-covered altar of Uskayaw.
  2264 | D:3      | Noticed an ogre
  2265 | D:3      | 2265 ||| Stepping ~*~*~tactically~*~*~ (stealth).
  2271 | D:3      | Slain by an ogre

Levels and vault maps discovered:
D:1:      mainiacjoe_arrival_reflecting_pool, layout_basic, serial_shops,
          nicolae_shop_back_alley_shop, minmay_misc_feat_diagonals
D:2:      layout_basic, serial_shops, shop, uniq_jessica
D:3:      minmay_angry_zag, layout_loops_ring, dancing_weapons_uskayaw,
          shapermc_ecumenical_altar_acropolis, chequers_arboretum, uniq_natasha

Skill      XL: |  1  2  3  4 |
---------------+-------------+-----
Axes           | 2 3 4 |  4.6
Fighting       | |  3.2
Armour         | |  3.2
Shields        | |  3.2

Action                     |  1- 3 |  4- 6 || total
---------------------------+-------+-------++-------
  Melee: War axe           |    69 |    55 ||   124
    Use: Scroll            |     4 |     3 ||     7
         Potion            |       |     1 ||     1
 Armour: Scale mail        |    28 |    26 ||    54
  Dodge: Dodged            |    38 |    20 ||    58
  Block: Buckler           |    16 |     5 ||    21

Table legend:
 A = Non-vault XP
 B = Vault XP
 C = Vault XP percentage of total XP
 D = Non-vault monster count
 E = Vault monster count
 F = Vault count percentage of total count
                 A         B        C        D         E       F
            +---------+---------+-------+---------+---------+-------
      Total |     101 |      72 |  41.6 |      38 |       2 |   5.0
            +---------+---------+-------+---------+---------+-------
        D:1 |      19 |       0 |   0.0 |      14 |       0 |   0.0
        D:2 |      77 |      37 |  32.5 |      21 |       1 |   4.5
        D:3 |       5 |      35 |  87.5 |       3 |       1 |  25.0
            +---------+---------+-------+---------+---------+-------
